 Dungeon Crawl Stone Soup version 0.26-a0-854-gdc81c2f471 (webtiles) character file.

Game seed: 8557755364603476423

90 sahdkjhfkaj the Insei (level 4, -5/42 HPs)
             Began as a Kobold Transmuter on Nov 22, 2020.
             Slain by a worm (6 damage)
             ... on level 2 of the Dungeon.
             The game lasted 00:05:28 (2351 turns).

sahdkjhfkaj the Insei (Kobold Transmuter)           Turns: 2351, Time: 00:05:28

Health: -5/42      AC: 22    Str:  6 (8)  XL:     4   Next: 85%
Magic:  7/7        EV:  3    Int: 14 (16) God:
Gold:   92         SH:  0    Dex: 14 (15) Spells: 3/7 levels left

rFire    + . .     SeeInvis .     - Unarmed
rCold    . . .     Faith    .   (shield restricted)
rNeg     + + +     Spirit   .   (armour currently unavailable)
rPois    +         Reflect  .   (helmet currently unavailable)
rElec    .         Harm     .   (cloak currently unavailable)
rCorr    +         Rampage  .   (gloves currently unavailable)
MR       .....     Clarity  +   (boots currently unavailable) Stlth +++.......NoTele +
                                (no amulet)
HPRegen  0.14/turn              c - ring of protection from fire
MPRegen  0.10/turn              k - ring of resist corrosion

@: tree-form
A: small, clarity, clever 1, nightstalker 3
a: no special abilities


You were on level 2 of the Dungeon.
You were a tree.
You visited 1 branch of the dungeon, and saw 2 of its levels.

You collected 92 gold pieces.

Inventory:

Missiles
 g - 12 poisoned darts
 h - 66 stones (quivered)
Armour
 a - a +0 robe (melded)
 j - a +0 kite shield
Jewellery
 c - a ring of protection from fire (left branch)
 k - a ring of resist corrosion (right branch)
Scrolls
 b - a scroll of teleportation {unknown}
 e - a scroll of magic mapping
 i - a scroll of amnesia {unknown}
 m - a scroll of remove curse


   Skills:
 - Level 3.0 Fighting
 - Level 2.4 Dodging
 - Level 3.0 Stealth
 - Level 3.0 Unarmed Combat
 - Level 2.1 Spellcasting
 + Level 2.0 Transmutations
 + Level 2.0 Poison Magic


You had 3 spell levels left.
You knew the following spells:

 Your Spells              Type           Power        Failure   Level
a - Beastly Appendage     Tmut           #.....       10%         1
S - Spider Form           Tmut/Pois      #.........   30%         3

Your spell library contained the following spells:

 Spells                   Type           Power        Failure   Level
 Wereblood                Tmut           #.......     16%         2
 Ice Form                 Ice/Tmut       #.......     83%         4
 Blade Hands              Tmut           #.........   95%         5


Dungeon Overview and Level Annotations

Branches:
Dungeon (2/15)

Altars:


Innate Abilities, Weirdness & Mutations

You are small and have problems with some larger weapons.
You are completely attuned to the shadows.
You possess an exceptional clarity of mind.
Your mind is acute. (Int +2)


Message History

You closely miss the adder.
The adder is heavily wounded.
You feel sick.
The adder bites you but does no damage. x2
You hit the adder.
You kill the adder!
Training target 2.0 for Poison Magic reached!
Your Poison Magic skill increases to level 2!
You need to enable at least one skill for training.
You barely miss the quokka. The quokka bites you.
* * * LOW HITPOINT WARNING * * *
You smack the quokka!
You kill the quokka!
You feel your intelligence returning.
* * * LOW HITPOINT WARNING * * *
You feel sick.
You are no longer poisoned.
You smack the worm!
The worm is severely wounded.
The worm bites you.
You die...

......# #.######..#
......# #..........
.....###'#######..
.### ...........# ##.
..#!#.#.........# #.
##.⌠.##.........# ##
#[⌠.⌠)#.........######
#.⌠w##...............
#.#)#♣..........######
####..........# #..
.......<.....# #..
##...........# #..
.............# #..
############## ###


You could see a worm.

Vanquished Creatures
  A gnoll (D:1)
  3 adders (D:2)
  2 oozes (D:2)
  3 dart slugs
  A leopard gecko (D:2)
  A bat (D:2)
  4 giant cockroaches
  4 goblins (D:1)
  4 hobgoblins
  3 kobolds
  2 quokkas (D:2)
  6 frilled lizards
  7 rats
41 creatures vanquished.

Notes
Turn   | Place    | Note
-------+----------+-------------------------------------------
     0 | D:1      | sahdkjhfkaj the Kobold Transmuter began the quest for the
                  | Orb.
     0 | D:1      | Reached XP level 1. HP: 12/12 MP: 3/3
    36 | D:1      | Reached skill level 1 in Stealth
   333 | D:1      | Reached XP level 2. HP: 15/16 MP: 3/5
   501 | D:1      | Reached XP level 3. HP: 16/21 MP: 3/6
  1345 | D:2      | Learned a level 3 spell: Spider Form
  1430 | D:2      | Reached XP level 4. HP: 26/27 MP: 7/7
  1849 | D:2      | Reached skill level 1 in Poison Magic
  2332 | D:2      | Gained mutation: Your mind is acute. (Int +2) [potion of
                  | mutation]
  2332 | D:2      | Gained mutation: You possess an exceptional clarity of
                  | mind. [potion of mutation]
  2348 | D:2      | HP: 2/42 [quokka (2)]
  2351 | D:2      | Slain by a worm

Illustrated notes

Levels and vault maps discovered:
D:1:      tarquinn_simple_flora_water_d, layout_basic, hex_tiny
D:2:      layout_basic, minmay_hexomino_f4

Skill      XL: |  1  2  3  4 |
---------------+-------------+-----
Stealth        | 2 3 |  3.0
Fighting       | 2 3 |  3.0
Poison Magic   | 2 |  2.0
Dodging        | |  2.4
Unarmed Combat | |  3.0
Spellcasting   | |  2.1
Transmutations | |  2.0

Action                   |  1- 3 |  4- 6 || total
-------------------------+-------+-------++-------
Melee: Unarmed           |    73 |    62 ||   135
       Kick              |    12 |     1 ||    13
       Punch             |     3 |     1 ||     4
       Headbutt          |     1 |       ||     1
Throw: Stone             |    10 |       ||    10
 Cast: Beastly Appendage |    10 |     2 ||    12
  Use: Scroll            |     3 |       ||     3
       Potion            |       |     5 ||     5
 Stab: Sleeping          |    11 |     6 ||    17
Armor: Robe              |     7 |     4 ||    11
       Skin              |       |    10 ||    10
Dodge: Dodged            |    48 |    41 ||    89

Table legend: (Time is in decaauts)
 A = Elapsed time spent in this place.
 B = Non-inter-level travel time spent in this place.
 C = Inter-level travel time spent in this place.
 D = Time resting spent in this place.
 E = Time spent auto-exploring this place.
 F = Levels seen in this place.
 G = Mean time per level.
                   A        B        C        D        E       F      G
               +--------+--------+--------+--------+--------+-----+--------+
         Total |   2343 |   2250 |     93 |    297 |   1486 |   2 | 1171.5 |
       Dungeon |   2343 |   2250 |     93 |    297 |   1486 |   2 | 1171.5 |
               +--------+--------+--------+--------+--------+-----+--------+

Top non-repeatable levels by time:
     D:2: 1313 daAuts
     D:1: 1030 daAuts
